NCAA
BOSTON COLLEGE EAGLES @ MISSISSIPPI STATE BULLDOGS
06/05/2024
 
TOP OF THE 1ST
Boston College Eagles batting - Pitching for Mississippi State Bulldogs : LHP Esteban Peña
Pitching: LHP Esteban Peña
Batting: RHB Kane Cooper 0-0: Called Strike
0-1: Ball
1-1: Called Strike
1-2: Ball
2-2: Strikes out swinging
Batting: SHB Felipe Castro 0-0: Ball
1-0: Fly out, F3 (Popup, 3SF)
Batting: LHB Dave Cook 0-0: Ball
1-0: Swinging Strike
1-1: Ball
2-1: Ball
3-1: Base on Balls
Batting: RHB Vernon Sterling 0-0: Ball
1-0: Called Strike
1-1: Foul Ball, location: 2F
1-2: Strikes out swinging
Top of the 1st over - 0 run(s), 0 hit(s), 0 error(s), 1 left on base; Boston College 0 - Mississippi State 0
BOTTOM OF THE 1ST
Mississippi State Bulldogs batting - Pitching for Boston College Eagles : RHP Steven LeBlanc
Pitching: RHP Steven LeBlanc
Batting: RHB Eric Thompson 0-0: Called Strike
0-1: Ball
1-1: Called Strike
1-2: Foul Ball, location: 2F
1-2: Ball
2-2: Ball
3-2: Foul Ball, location: 2F
3-2: Base on Balls
Batting: SHB Jesse Miller 0-0: Called Strike
Eric Thompson is caught stealing 2nd base
0-1: Ball
1-1: Swinging Strike
1-2: Ball
2-2: Ball
3-2: Base on Balls
Batting: RHB Peter Griffith 0-0: Ball
1-0: Called Strike
1-1: Swinging Strike
1-2: Ball
2-2: Foul Ball, location: 2F
2-2: Ball
3-2: Strikes out swinging
Batting: RHB Ken McDonald 0-0: Ball
1-0: Called Strike
1-1: Foul Ball, location: 2F
1-2: Ball
2-2: Foul Ball, location: 2F
2-2: Foul Ball, location: 2F
2-2: Fly out, F8 (Line Drive, 8RM)
Bottom of the 1st over - 0 run(s), 0 hit(s), 0 error(s), 1 left on base; Boston College 0 - Mississippi State 0
TOP OF THE 2ND
Boston College Eagles batting - Pitching for Mississippi State Bulldogs : LHP Esteban Peña
Batting: RHB Mike Martin 0-0: Called Strike
0-1: Swinging Strike
0-2: Foul Ball, location: 2F
0-2: Ball
1-2: Foul Ball, location: 2F
1-2: Strikes out swinging, 2-3 out at first.
Batting: RHB Bobby Porter 0-0: Ball
1-0: Foul Ball, location: 2F
1-1: Foul Ball, location: 2F
1-2: Strikes out swinging
Batting: RHB Emory Brooks 0-0: Foul Ball, location: 2F
0-1: Called Strike
0-2: Strikes out swinging
Top of the 2nd over - 0 run(s), 0 hit(s), 0 error(s), 0 left on base; Boston College 0 - Mississippi State 0
BOTTOM OF THE 2ND
Mississippi State Bulldogs batting - Pitching for Boston College Eagles : RHP Steven LeBlanc
Batting: RHB Johnny Williams 0-0: Ball
1-0: DOUBLE (Flyball, 9LD)
Batting: RHB Dan Stephens 0-0: Ball
1-0: Called Strike
1-1: Called Strike
1-2: Strikes out looking
Batting: SHB Alex Stewart 0-0: SINGLE (Line Drive, 6MD)
Johnny Williams to third
Runner from 3rd tries for Home, SAFE, throw made home
Alex Stewart to second
Batting: LHB Jorge Hernández 0-0: Called Strike
0-1: Ball
1-1: Ball
2-1: Ball
3-1: Foul Ball, location: 2F
3-2: Base on Balls
Batting: SHB Manuel Gaona 0-0: Ball
1-0: Foul Ball, location: 2F
1-1: Ball
2-1: Called Strike
2-2: Ball
3-2: Base on Balls
Alex Stewart to third
Jorge Hernández to second
Batting: RHB Eric Thompson 0-0: Ball
1-0: Called Strike
1-1: Ball
2-1: Swinging Strike
2-2: Ball
3-2: Ground out 5-3 (Groundball, 5S)
Alex Stewart scores
Jorge Hernández to third
Manuel Gaona to second
Batting: SHB Jesse Miller 0-0: Ball
1-0: Ball
2-0: Called Strike
2-1: Ball
3-1: Foul Ball, location: 2F
3-2: Base on Balls
Batting: RHB Peter Griffith 0-0: Ball
1-0: Foul Ball, location: 2F
1-1: Foul Ball, location: 2F
1-2: Foul Ball, location: 2F
1-2: Ball
Wild Pitch!
Jorge Hernández scores
Manuel Gaona to third
Jesse Miller to second
2-2: Fly out, F4 (Popup, 4)
Bottom of the 2nd over - 3 run(s), 2 hit(s), 0 error(s), 2 left on base; Boston College 0 - Mississippi State 3
TOP OF THE 3RD
Boston College Eagles batting - Pitching for Mississippi State Bulldogs : LHP Esteban Peña
Batting: RHB Wade Ayers 0-0: Ball
1-0: Foul Ball, location: 2F
1-1: Ball
2-1: Swinging Strike
2-2: SINGLE (Groundball, 6)
Batting: RHB Will Stafford 0-0: Called Strike
Wade Ayers is caught stealing 2nd base
0-1: Fly out, F6 (Popup, 4MD)
Batting: RHB Kane Cooper 0-0: Fly out, F9 (Flyball, 89M)
Top of the 3rd over - 0 run(s), 1 hit(s), 0 error(s), 0 left on base; Boston College 0 - Mississippi State 3
BOTTOM OF THE 3RD
Mississippi State Bulldogs batting - Pitching for Boston College Eagles : RHP Steven LeBlanc
Batting: RHB Ken McDonald 0-0: Ball
1-0: Ball
2-0: Called Strike
2-1: Ball
3-1: Base on Balls
Batting: RHB Johnny Williams 0-0: Ball
1-0: Swinging Strike
1-1: Foul Ball, location: 2F
1-2: Strikes out swinging
Batting: RHB Dan Stephens 0-0: Ball
1-0: Ball
2-0: Ball
3-0: Called Strike
3-1: Foul Ball, location: 2F
3-2: SINGLE (Groundball, 56D)
Ken McDonald to second
Pitching: LHP Bennett White
Batting: SHB Alex Stewart 0-0: Ball
1-0: Called Strike
1-1: Ball
2-1: 3-RUN HOME RUN (Flyball, 7D), Distance : 342 ft
Batting: LHB Jorge Hernández 0-0: Hit by Pitch
Pitching: RHP Ed Church
Pinch Runner at 1st Larry Beauregard:
Batting: SHB Manuel Gaona 0-0: Ball
1-0: Grounds into double play, 4-6-3 (Groundball, 4)
Bottom of the 3rd over - 3 run(s), 2 hit(s), 0 error(s), 0 left on base; Boston College 0 - Mississippi State 6
TOP OF THE 4TH
Boston College Eagles batting - Pitching for Mississippi State Bulldogs : LHP Esteban Peña
Now at 2B: Larry Beauregard
Batting: SHB Felipe Castro 0-0: Called Strike
0-1: Ball
1-1: Fly out, F8 (Flyball, 8LM)
Batting: LHB Dave Cook 0-0: Called Strike
0-1: Ball
1-1: Ball
2-1: Foul Ball, location: 2F
2-2: Ball
3-2: Foul Ball, location: 2F
3-2: Foul Ball, location: 2F
3-2: Strikes out looking
Batting: RHB Vernon Sterling 0-0: Ball
1-0: Ground out 3-1 (Groundball, 34)
Top of the 4th over - 0 run(s), 0 hit(s), 0 error(s), 0 left on base; Boston College 0 - Mississippi State 6
BOTTOM OF THE 4TH
Mississippi State Bulldogs batting - Pitching for Boston College Eagles : RHP Ed Church
Batting: RHB Eric Thompson 0-0: Ball
1-0: Ball
2-0: Ball
3-0: Called Strike
3-1: Base on Balls
Batting: SHB Jesse Miller 0-0: Ball
Eric Thompson steals 2nd base
1-0: Fly out, F7 (Flyball, 7M)
Batting: RHB Peter Griffith 0-0: Called Strike
0-1: Ball
1-1: Ball
2-1: Ground out 5-3 (Groundball, 5L)
Batting: RHB Ken McDonald 0-0: Swinging Strike
0-1: SINGLE (Line Drive, 56D)
Eric Thompson to third
Runner from 3rd tries for Home, SAFE, no throw or cutoff
Pitching: LHP Jared Stark
Batting: RHB Johnny Williams 0-0: Ball
1-0: Ground out 4-3 (Groundball, 4)
Bottom of the 4th over - 1 run(s), 1 hit(s), 0 error(s), 1 left on base; Boston College 0 - Mississippi State 7
TOP OF THE 5TH
Boston College Eagles batting - Pitching for Mississippi State Bulldogs : LHP Esteban Peña
Batting: RHB Mike Martin 0-0: Ball
1-0: Called Strike
1-1: Ball
2-1: Foul Ball, location: 2F
2-2: Ground out 6-3 (Groundball, 6S)
Batting: RHB Bobby Porter 0-0: Ball
1-0: SINGLE (Groundball, 6)
Batting: RHB Emory Brooks 0-0: Called Strike
0-1: Fly out, F5 (Popup, 5L)
Batting: RHB Wade Ayers 0-0: Ball
1-0: Ball
2-0: Foul Ball, location: 2F
2-1: Hit by Pitch
Bobby Porter to second
Pinch Runner at 1st Ambrose Brown:
Batting: RHB Will Stafford 0-0: Ball
1-0: SINGLE (Groundball, 56D)
Bobby Porter to third
Ambrose Brown to second
Runner from 3rd tries for Home, SAFE, no throw or cutoff
Batting: RHB Kane Cooper 0-0: Called Strike
0-1: Called Strike
0-2: Ball
1-2: Strikes out swinging
Top of the 5th over - 1 run(s), 2 hit(s), 0 error(s), 2 left on base; Boston College 1 - Mississippi State 7
BOTTOM OF THE 5TH
Mississippi State Bulldogs batting - Pitching for Boston College Eagles : LHP Jared Stark
Now in CF: Ambrose Brown
Batting: RHB Dan Stephens 0-0: Called Strike
0-1: Called Strike
0-2: Ball
1-2: Foul Ball, location: 2F
1-2: Foul Ball, location: 2F
1-2: Ball
2-2: Fly out, F7 (Flyball, 7M)
Batting: SHB Alex Stewart 0-0: Fly out, F3 (Popup, 3DF)
Batting: RHB Larry Beauregard 0-0: Called Strike
0-1: Called Strike
0-2: Foul Ball, location: 2F
0-2: Foul Ball, location: 2F
0-2: Fly out, F9 (Flyball, 89M)
Bottom of the 5th over - 0 run(s), 0 hit(s), 0 error(s), 0 left on base; Boston College 1 - Mississippi State 7
TOP OF THE 6TH
Boston College Eagles batting - Pitching for Mississippi State Bulldogs : LHP Esteban Peña
Batting: SHB Felipe Castro 0-0: SINGLE (Groundball, 6M)
Pitching: RHP Chris Ervin
Batting: LHB Dave Cook 0-0: Ball
1-0: Foul Ball, location: 2F
1-1: Foul Ball, location: 2F
1-2: SINGLE (Line Drive, 8RS)
Felipe Castro to second
Runner from 2nd tries for 3rd, SAFE, throw made to third
Batting: RHB Vernon Sterling 0-0: Called Strike
0-1: Ball
1-1: Ground out 4-3 (Groundball, 4M)
Felipe Castro scores
Dave Cook to second
Batting: RHB Mike Martin 0-0: Called Strike
0-1: Ball
1-1: Ball
2-1: Ground out 1-3 (Groundball, 15)
Batting: RHB Bobby Porter 0-0: Fly out, F9 (Popup, 89S)
Top of the 6th over - 1 run(s), 2 hit(s), 0 error(s), 1 left on base; Boston College 2 - Mississippi State 7
BOTTOM OF THE 6TH
Mississippi State Bulldogs batting - Pitching for Boston College Eagles : LHP Jared Stark
Batting: SHB Manuel Gaona 0-0: SINGLE (Line Drive, 9S)
Batting: RHB Eric Thompson 0-0: Ball
1-0: Swinging Strike
1-1: SINGLE (Groundball, 6D) (infield hit)
Manuel Gaona to second
Batting: SHB Jesse Miller 0-0: Called Strike
0-1: Foul Ball, location: 2F
0-2: Fly out, F7 (Flyball, 78M)
Pitching: LHP Tony McCullough
Batting: RHB Peter Griffith 0-0: 3-RUN HOME RUN (Flyball, 7LD), Distance : 328 ft
Batting: RHB Ken McDonald 0-0: Ball
1-0: SINGLE (Groundball, 6M) (infield hit)
Batting: RHB Johnny Williams 0-0: Ball
1-0: Ball
2-0: Ball
3-0: Base on Balls
Ken McDonald to second
Batting: RHB Dan Stephens 0-0: Ball
1-0: Ball
2-0: SINGLE (Groundball, 56D)
Ken McDonald to third
Johnny Williams to second
Runner from 3rd tries for Home, SAFE, throw made home
Johnny Williams to third
Dan Stephens to second
Batting: SHB Alex Stewart 0-0: Ball
1-0: Ball
2-0: Ball
3-0: Called Strike
3-1: Base on Balls
Batting: RHB Larry Beauregard 0-0: Ball
1-0: SINGLE (Groundball, 4D)
Johnny Williams scores
Dan Stephens to third
Alex Stewart to second
Runner from 3rd tries for Home, SAFE, no throw or cutoff
Pitching: RHP Carlos Flores
Batting: SHB Manuel Gaona 0-0: Fly out, F8 (Flyball, 8RM)
Batting: RHB Eric Thompson 0-0: Called Strike
0-1: Ball
1-1: Foul Ball, location: 2F
1-2: SINGLE (Line Drive, 4MD)
Alex Stewart to third
Larry Beauregard to second
Runner from 3rd tries for Home, SAFE, no throw or cutoff
Batting: SHB Jesse Miller 0-0: Foul Ball, location: 2F
0-1: Ball
1-1: Fly out, F8 (Popup, 8LS)
Bottom of the 6th over - 7 run(s), 7 hit(s), 0 error(s), 2 left on base; Boston College 2 - Mississippi State 14
TOP OF THE 7TH
Boston College Eagles batting - Pitching for Mississippi State Bulldogs : RHP Chris Ervin
Batting: RHB Emory Brooks 0-0: SINGLE (Groundball, 56)
Batting: RHB Ambrose Brown 0-0: Ball
1-0: Foul Ball, location: 2F
1-1: Foul Ball, location: 2F
1-2: Foul Ball, location: 2F
1-2: Strikes out swinging
Batting: RHB Will Stafford 0-0: 2-RUN HOME RUN (Line Drive, 78XD), Distance : 372 ft
Batting: RHB Kane Cooper 0-0: Called Strike
0-1: Ball
1-1: Foul Ball, location: 2F
1-2: Ball
2-2: Foul Ball, location: 2F
2-2: Strikes out swinging
Batting: SHB Felipe Castro 0-0: Hit by Pitch
Batting: LHB Dave Cook 0-0: Called Strike
0-1: Ball
1-1: Ball
2-1: Foul Ball, location: 2F
2-2: Fly out, F9 (Flyball, 89M)
Top of the 7th over - 2 run(s), 2 hit(s), 0 error(s), 1 left on base; Boston College 4 - Mississippi State 14
BOTTOM OF THE 7TH
Mississippi State Bulldogs batting - Pitching for Boston College Eagles : RHP Carlos Flores
Batting: RHB Peter Griffith 0-0: Swinging Strike
0-1: Ball
1-1: Ball
2-1: Called Strike
2-2: Foul Ball, location: 2F
2-2: Ball
3-2: Foul Ball, location: 2F
3-2: Fly out, F8 (Line Drive, 8RM)
Batting: RHB Ken McDonald 0-0: SINGLE (Groundball, 56D)
Batting: RHB Johnny Williams 0-0: Ball
1-0: Ball
2-0: Called Strike
2-1: Ball
3-1: Base on Balls
Ken McDonald to second
Batting: RHB Dan Stephens 0-0: Foul Ball, location: 2F
0-1: Ball
1-1: Ball
2-1: Swinging Strike
2-2: Strikes out swinging
Batting: SHB Alex Stewart 0-0: Called Strike
0-1: Swinging Strike
0-2: Strikes out swinging
Bottom of the 7th over - 0 run(s), 1 hit(s), 0 error(s), 2 left on base; Boston College 4 - Mississippi State 14
TOP OF THE 8TH
Boston College Eagles batting - Pitching for Mississippi State Bulldogs : RHP Chris Ervin
Pitching: RHP Jim Piper
Now at SS: Rick Hinton
Batting: RHB Vernon Sterling 0-0: SINGLE (Line Drive, 4D)
Batting: RHB Mike Martin 0-0: Grounds into double play, 6-4-3 (Groundball, 6)
Batting: RHB Bobby Porter 0-0: Fly out, F3 (Popup, 3DF)
Top of the 8th over - 0 run(s), 1 hit(s), 0 error(s), 0 left on base; Boston College 4 - Mississippi State 14
BOTTOM OF THE 8TH
Mississippi State Bulldogs batting - Pitching for Boston College Eagles : RHP Carlos Flores
Batting: RHB Larry Beauregard 0-0: Ball
1-0: Foul Ball, location: 2F
1-1: Foul Ball, location: 2F
1-2: Ball
2-2: Ball
3-2: Base on Balls
Batting: SHB Manuel Gaona 0-0: Bunted foul
0-1: Bunted foul
0-2: Foul Ball, location: 2F
0-2: Ball
1-2: Fly out, F8 (Flyball, 8LM)
Pitching: RHP Manuel Cruz
Batting: RHB Eric Thompson 0-0: Ball
1-0: Ball
2-0: Foul Ball, location: 2F
2-1: Swinging Strike
2-2: Ball
3-2: SINGLE (Groundball, 56D)
Larry Beauregard to second
Batting: SHB Jesse Miller 0-0: Ball
1-0: Foul Ball, location: 2F
1-1: SINGLE (Line Drive, 4)
Larry Beauregard to third
Eric Thompson to second
Batting: RHB Peter Griffith 0-0: Called Strike
0-1: Ball
1-1: Foul Ball, location: 2F
1-2: Ball
2-2: Grounds into double play, 6-4-3 (Groundball, 6)
Bottom of the 8th over - 0 run(s), 2 hit(s), 0 error(s), 2 left on base; Boston College 4 - Mississippi State 14
TOP OF THE 9TH
Boston College Eagles batting - Pitching for Mississippi State Bulldogs : RHP Jim Piper
Now at C: Cole Quintsey
Batting: RHB Emory Brooks 0-0: Ball
1-0: SINGLE (Line Drive, 89S)
Batting: RHB Ambrose Brown 0-0: Foul Ball, location: 2F
0-1: Ground out 4-3 (Groundball, 4M)
Emory Brooks to second
Batting: RHB Will Stafford 0-0: Ball
1-0: Called Strike
1-1: Ball
2-1: Ball
3-1: Foul Ball, location: 2F
3-2: Strikes out looking
Batting: RHB Kane Cooper 0-0: Fly out, F8 (Flyball, 8RM)
Top of the 9th over - 0 run(s), 1 hit(s), 0 error(s), 1 left on base; Boston College 4 - Mississippi State 14
This league is powered by Out of the Park Baseball, the baseball management simulation game for PC, Mac and Linux
Saturday, April 9th, 2016 - OOTP Baseball 16.8 Build 38